Get step-by-step instructions on how to execute this build order below. Start the game timer, and the build order will tick by so you can play in parallel with StarCraft on a second screen or mobile device.

Game Time

  0:00

Last Step

  N/A

Next Step

  12  0:00  Probe  

Upcoming Step

  13  0:13  Probe  

Don't want to look back and forth between 2 screens? Try out our Overwolf App, the Spawning Tool Build Advisor to get an in-game overlay with this build!

Complete Build Order

  12  0:00  Probe  
  13  0:13  Probe  
  14  0:21  Pylon  
  14  0:37  Assimilator  
  14  0:43  Gateway  
  14  0:46  Pylon  
  14  1:14  Assimilator  
  14  1:18  Probe  
  15  1:26  Probe  
  16  1:34  Probe, Cybernetics Core  
  17  1:45  Probe  
  18  1:56  Probe  
  18  2:00  Warp Gate  
  19  2:04  Probe  
  20  2:12  Stalker  
  22  3:50  Stalker  
  22  3:53  Pylon  
  22  3:59  Probe  
  20  4:18  Zealot  
  22  4:47  Stalker  
  24  5:15  Stalker  
  26  5:32  Probe  
  26  5:33  Robotics Facility  
  27  5:44  Probe  
  27  5:49  Pylon  
  28  5:56  Probe  
  29  6:08  Probe  
  29  6:09  Zealot  
  32  6:16  Probe  
  32  6:22  Observer  
  32  6:24  Probe  
  29  6:44  Observer  
  30  7:03  Stalker  
  31  7:19  Probe  
  28  7:27  Probe  
  23  7:31  Stalker  
  23  7:36  Probe  
  18  7:47  Pylon